 Dungeon Crawl Stone Soup version 0.21.1-1-g345015f (webtiles) character file.

23 Mgcat the Insei (level 3, -10/28 HPs)
             Began as a Gnoll Transmuter on Mar 21, 2018.
             Blown up by Ijyb (12 damage)
             ... with a wand of disintegration (12)
             ... on level 3 of the Dungeon.
             The game lasted 00:02:08 (616 turns).

Mgcat the Insei (Gnoll Transmuter)                   Turns: 616, Time: 00:02:10

Health: -10/28     AC:  2    Str: 13    XL:     3   Next: 0%
Magic:  7/9        EV: 14    Int: 15    God:
Gold:   13         SH:  0    Dex: 15    Spells: 8/11 levels left

rFire    . . .     SeeInvis .     - Unarmed
rCold    . . .     Gourm    +   (no shield)
rNeg     . . .     Faith    .   b - +0 robe
rPois    .         Spirit   .   (no helmet)
rElec    .         Reflect  .   (no cloak)
rCorr    .         Harm     .   (no gloves)
MR       .....                  (boots currently unavailable)
Stlth    ++........             e - amulet of the gourmand {Gourm, !d}
HPRegen  0.09/turn              (no ring)
MPRegen  0.11/turn              (no ring)

@: appendage
A: distributed training, fangs 1, talons 3, strong nose
a: End Transformation


You were on level 3 of the Dungeon.
You were completely stuffed.
You had grown temporary talons.
You visited 1 branch of the dungeon, and saw 3 of its levels.

You collected 13 gold pieces.

Inventory:

Missiles
 a - 57 arrows
Armour
 b - a +0 robe (worn)
Jewellery
 e - an amulet of the gourmand (around neck) {Gourm, !d}
   (You found it on level 1 of the Dungeon)
 h - an uncursed ring of ice {unknown}
   (You took it off a goblin on level 2 of the Dungeon)
Scrolls
 j - a scroll of remove curse {unknown}
 k - a scroll of enchant armour {unknown}
 l - a scroll of random uselessness {unknown}
Potions
 f - a potion of degeneration {unknown}
 g - a potion of curing {unknown}
Books
 c - a book of Changes
Comestibles
 d - 3 rations
 i - 5 chunks of flesh {@w0}


   Skills:
 + Level 2.5 Fighting
 + Level 0.5 Short Blades
 + Level 0.5 Long Blades
 + Level 0.5 Axes
 + Level 0.5 Maces & Flails
 + Level 0.5 Polearms
 + Level 0.5 Staves
 + Level 0.5 Slings
 + Level 0.5 Bows
 + Level 0.5 Crossbows
 + Level 0.5 Throwing
 + Level 0.5 Armour
 + Level 4.5 Dodging
 + Level 0.5 Stealth
 + Level 0.5 Shields
 + Level 6.5 Unarmed Combat
 + Level 4.9 Spellcasting
 + Level 0.4 Conjurations
 + Level 0.4 Hexes
 + Level 0.4 Charms
 + Level 0.4 Summonings
 + Level 0.4 Necromancy
 + Level 0.4 Translocations
 + Level 3.7 Transmutations
 + Level 0.4 Fire Magic
 + Level 0.4 Ice Magic
 + Level 0.4 Air Magic
 + Level 0.4 Earth Magic
 + Level 0.4 Poison Magic
 + Level 0.7 Invocations
 + Level 0.5 Evocations


You had 8 spell levels left.
You knew the following spells:

 Your Spells              Type           Power        Failure   Level  Hunger
a - Beastly Appendage     Tmut           ##....       3%          1    None
b - Sticks to Snakes      Tmut           ##......     5%          2    ##.....


Dungeon Overview and Level Annotations

Branches:
Dungeon (3/15)

Altars:
Dithmenos

Annotations:
D:3 Ijyb


Innate Abilities, Weirdness & Mutations

Your experience applies equally to all skills.
You have very sharp teeth.
Your uncanny sense of smell can sniff out nearby items.
You have claws for feet.


Message History

You see here a leopard gecko corpse.
You butcher the leopard gecko corpse.
The frilled lizard hisses angrily.
Things that are here:
2 chunks of flesh {@w0}; a leopard gecko skeleton Your transformation is almost over.
Things that are here:
2 chunks of flesh {@w0}; a leopard gecko skeleton
Press: ? - help, v - describe, . - travel, g - get item 2 chunks of flesh {@w0}.
There is something else lying underneath.
The floor.
The frilled lizard bites you.
You closely miss the frilled lizard.
You kill the frilled lizard!
Eating one of 3 chunks of flesh {@w0}.
You eat one of the 3 chunks of flesh {@w0}.
This raw flesh tastes great.
Your talons disappear.
HP restored.
i - 4 chunks of flesh {@w0} (gained 2)
You see here a leopard gecko skeleton.
k - a scroll labeled QEAMNIEMEO You now have 13 gold pieces (gained 5).
Key pressed, stopping explore.
Unknown command.
l - a scroll labeled GIAFANW KEELL
There is a stone staircase leading down here.
You climb downwards.
A leopard gecko and a kobold come into view.
The leopard gecko hisses angrily.
The kobold shouts!
There is a stone staircase leading up here.
Casting: Beastly Appendage
Confirm with . or Enter, or press ? or * to list all spells.
You grow a pair of large bovine horns.
The kobold barely misses you.
You closely miss the kobold. The kobold hits you with a whip.
You barely miss the leopard gecko. Your headbutt misses the leopard gecko.
Your punch misses the leopard gecko.
The leopard gecko completely misses you.
The kobold hits you with a whip.
You closely miss the leopard gecko. The leopard gecko bites you.
The kobold closely misses you.
You hit the kobold but do no damage. You bite the kobold, but do no damage.
The leopard gecko bites you. The kobold misses you.
The leopard gecko closely misses you.
You punch the kobold!
You kill the kobold!
The leopard gecko barely misses you.
You barely miss the leopard gecko. The leopard gecko closely misses you.
You barely miss the leopard gecko.
You bite the leopard gecko, but do no damage.
The leopard gecko barely misses you.
You punch the leopard gecko!
You kill the leopard gecko!
You have reached level 3!
Your experience leads to an increase in your attributes!
Increase (S)trength, (I)ntelligence, or (D)exterity?
You feel stronger.
You see here a leopard gecko corpse.
You butcher the leopard gecko corpse.
i - 6 chunks of flesh {@w0} (gained 2) Eating one of 6 chunks of flesh {@w0}.
You eat one of the 6 chunks of flesh {@w0}.
This raw flesh tastes great.
Your transformation is almost over.
Your horns disappear.
HP restored.
Marking area around Ijyb as unsafe for travelling.
Ijyb the Twisted Goblin comes into view.
Ijyb shouts!
Ijyb screams, "I dance on your bones!"
Unknown command.
Unknown command.
Unknown command.
Casting: Beastly Appendage
Confirm with . or Enter, or press ? or * to list all spells.
Your feet morph into talons.
Casting: Beastly Appendage
Confirm with . or Enter, or press ? or * to list all spells.
You create a snake!
You now have 57 arrows.
Ijyb zaps a wand.
You barely resist.
It is a wand of disintegration (13).
Ijyb zaps a wand.
You are blasted!
Ouch! That really hurt!
* * * LOW HITPOINT WARNING * * *
Your ball python closely misses Ijyb.
Your ball python grabs Ijyb.
Your ball python constricts Ijyb.
You hit Ijyb. You punch Ijyb.
Ijyb is heavily wounded.
Ijyb misses you.
Your ball python barely misses Ijyb.
Your ball python constricts Ijyb.
You hit Ijyb but do no damage. You claw Ijyb.
Ijyb is heavily wounded.
Ijyb barely misses you.
Your ball python bites Ijyb but does no damage.
Your ball python constricts Ijyb.
You hit Ijyb but do no damage.
Ijyb is heavily wounded.
Ijyb zaps a wand.
You are blasted!
You die...

#.....# #.....#
#..... ###...#
#.....# #.<...#
#.....# #.....#
#....@########
#.)...g......#
#.....S......#
#..............
#..............
#####..........
#########.. .


You could see Ijyb and a friendly ball python.

Vanquished Creatures
  2 leopard geckos
  5 goblins
  3 hobgoblins (D:1)
  4 kobolds
  A quokka (D:2)
  2 frilled lizards (D:2)
  2 rats
19 creatures vanquished.

Notes
Turn   | Place    | Note
-------+----------+-------------------------------------------
     0 | D:1      | Mgcat the Gnoll Transmuter began the quest for the Orb.
     0 | D:1      | Reached XP level 1. HP: 17/17 MP: 6/6
   186 | D:1      | Reached XP level 2. HP: 19/23 MP: 5/7
   383 | D:2      | Learned a level 2 spell: Sticks to Snakes
   409 | D:2      | Found a shadowy altar of Dithmenos.
   527 | D:3      | Reached XP level 3. HP: 15/28 MP: 9/9
   603 | D:3      | Noticed Ijyb
   613 | D:3      | HP: 2/28 [disintegration (21)]
   616 | D:3      | Blown up by Ijyb

Action                   || total
-------------------------++-------
Melee: Unarmed           ||    51
       Bite              ||     8
       Kick              ||     7
       Punch             ||     2
 Cast: Beastly Appendage ||    11
       Sticks to Snakes  ||     1
 Stab: Sleeping          ||     1
  Eat: Chunk             ||    14
Armor: Robe              ||     3
Dodge: Dodged            ||    37

Vault maps used:
D:1:      dpeg_arrival_morbid_curiosity
D:2:      nicolae_dithmenos_through_a_glass_darkly,
          chequers_ecumenical_altar_grove
D:3:      lemuel_zombie_altar_kikubaaqudgha, uniq_ijyb

Table legend:
 A = Turns spent in this place as a percentage of turns spent in the entire game.
 B = Non-inter-level travel turns spent in this place as a percentage of non-inter-level travel turns spent in the entire game.
 C = Inter-level travel turns spent in this place as a percentage of turns spent in this place.
 D = Turns resting spent in this place as a percentage of non-inter-level travel turns spent in this place.
 E = Turns spent auto-exploring this place as a percentage of non-inter-level travel turns spent in this place.
 F = Non-inter-level travel turns spent in this place divided by the number of levels of this place that you've seen.
                   A       B       C       D       E      F
               +-------+-------+-------+-------+-------+----------------------
         Total | 100.0 | 100.0 |   0.0 |   0.0 |  65.9 | 205.3
       Dungeon | 100.0 | 100.0 |   0.0 |   0.0 |  65.9 | 205.3
               +-------+-------+-------+-------+-------+----------------------

Table legend:
 A = Kills in this place as a percentage of kills in entire the game.
 B = Kills by you in this place as a percentage of kills by you in the entire game.
 C = Kills by friends in this place as a percentage of kills by friends in the entire game.
 D = Other kills in this place as a percentage of other kills in the entire game.
 E = Experience gained in this place as a percentage of experience gained in the entire game.
 F = Experience gained in this place divided by the number of levels of this place that you have seen.
                   A       B       C       D       E      F
               +-------+-------+-------+-------+-------+----------------------
         Total | 100.0 | 100.0 |   N/A |   N/A | 100.0 |  11.3
       Dungeon | 100.0 | 100.0 |   N/A |   N/A | 100.0 |  11.3
               +-------+-------+-------+-------+-------+----------------------
